Map: Turbo Cruise '84 LE

Players

ShoWTimE

  • Race: Protoss Protoss
  • League: Grandmaster
  • Spawn Location: 7:00

HellraiseR - Winner!

  • Race: Protoss Protoss
  • Spawn Location: 3:00

Event: HomeStory Cup XIX

VOD

Have the link to the VOD?

Description

Time

  • Played on: June 28, 2019, 10:39 a.m.
  • Length: 7:14

All games in this series

Show
View Real Time Build Order
Export as new Build Order

ShoWTimE Protoss 

Build Orders:  

Get SALT Encoding   

  12  0:00  Probe  
  13  0:12  Probe  
  14  0:17  Pylon  
  14  0:24  Probe  
  15  0:32  Probe  
  15  0:37  Gateway  
  15  0:40  Probe  
  16  0:47  Assimilator  
  17  0:51  Probe  
  17  0:56  Assimilator  
  18  0:59  Probe  
  19  1:07  Probe  
  19  1:12  Gateway  
  19  1:17  Probe  
  20  1:25  Cybernetics Core  
  21  1:29  Probe  
  22  1:36  Pylon  
  22  1:41  Probe  
  23  1:54  Probe, Warp Gate  
  24  2:01  Stalker x2  
  28  2:13  Pylon  
  28  2:23  Pylon  
  28  2:33  Adept x2  
  32  2:43  Robotics Facility  
  32  2:49  Gateway  
  32  3:03  Stalker  
  34  3:07  Stalker  
  36  3:19  Pylon  
  36  3:20  Warp Prism  
  38  3:38  Shield Battery  
  36  3:47  Sentry  
  38  3:49  Stalker  
  38  3:53  Stalker  
  42  4:16  Stalker  
  42  4:17  Stalker  
  46  4:19  Pylon  
  46  4:20  Observer  
  47  4:44  Sentry x2  
  47  4:45  Adept  
  49  5:07  Sentry  
  49  5:08  Zealot x2  
  49  5:21  Nexus  
  45  5:29  Stalker, Sentry  
  45  5:32  Stalker  
  45  5:34  Probe  
  50  5:47  Immortal  
  50  5:51  Probe  
  47  6:03  Shield Battery  
  45  6:09  Sentry  
  45  6:19  Shield Battery  
  45  6:25  Zealot  
  44  6:29  Stalker  
  46  6:35  Stalker  
  32  6:51  Stalker  
  32  6:58  Stalker  
Show
View Real Time Build Order
Export as new Build Order

HellraiseR Protoss - Winner!

Build Orders: Phoenix Opening 

Get SALT Encoding   

  12  0:01  Probe  
  13  0:13  Probe  
  14  0:18  Pylon  
  14  0:23  Probe  
  15  0:32  Probe  
  15  0:38  Gateway  
  15  0:40  Probe  
  16  0:46  Assimilator  
  17  0:52  Probe  
  17  0:55  Assimilator  
  18  1:00  Probe  
  18  1:08  Probe, Gateway  
  20  1:19  Probe  
  21  1:27  Cybernetics Core  
  21  1:31  Probe  
  22  1:35  Pylon  
  22  1:43  Probe  
  23  1:55  Probe  
  24  2:03  Stalker  
  24  2:04  Sentry, Warp Gate  
  24  2:07  Probe  
  29  2:11  Pylon  
  29  2:19  Probe  
  30  2:30  Stalker  
  30  2:33  Stalker  
  35  2:43  Phoenix  
  34  2:54  Nexus  
  34  3:01  Stalker  
  36  3:09  Stalker  
  38  3:16  Pylon  
  38  3:19  Probe  
  39  3:28  Twilight Council  
  39  3:37  Probe  
  38  3:46  Shield Battery  
  38  3:48  Shield Battery  
  38  3:51  Stalker  
  40  3:59  Stalker  
  42  4:11  Probe, Blink  
  42  4:13  Stalker  
  42  4:15  Shield Battery  
  45  4:21  Stalker  
  48  4:32  Stalker  
  49  4:41  Shield Battery  
  49  4:45  Stalker  
  51  4:58  Stalker  
  47  5:08  Stalker  
  47  5:12  Probe x2  
  49  5:21  Stalker  
  49  5:24  Probe  
  47  5:29  Probe  
  47  5:32  Stalker  
  50  5:36  Probe  
  50  5:41  Probe  
  52  5:44  Stalker  
  52  5:49  Probe  
  52  5:55  Pylon  
  47  6:00  Stalker  
  47  6:03  Probe  
  50  6:05  Probe  
  51  6:14  Stalker  
  51  6:15  Probe  
  51  6:18  Probe  
  55  6:25  Robotics Facility  
  55  6:32  Stalker  
  53  6:34  Probe  
  53  6:38  Probe  
  51  6:46  Probe  
  49  6:47  Probe  
  49  6:54  Probe  
  49  7:00  Probe  
Tags
 
Add a new tag
Caveats
  • Supply blocks, unpowered buildings, or Contaminate may cause inaccurate times.
  • Supply counts are checked every 10 seconds.